 Dungeon Crawl Stone Soup version 0.32-a0-818-gb728d0252e (webtiles) character file.

Game seed: 10721929335413126406

2 AstroCodex24 the Shield-Bearer (level 1, -2/17 HPs)
             Began as a Vampire Fighter on Mar 23, 2024.
             Slain by Terence
             ... wielding a +0 heavy hand axe
              (5 damage)
             ... on level 1 of the Dungeon.
             The game lasted 00:00:35 (132 turns).

AstroCodex24 the Shield-Bearer (Vampire Fighter)     Turns: 132, Time: 00:00:36

Health: -2/17      AC:  6    Str: 15    XL:     1   Next: 33%
Magic:  1/1        EV:  7    Int: 10    God:
Gold:   7          SH:  4    Dex: 13    Spells: 0/0 levels left

rFire   . . .        a - +0 war axe
rCold   . . .        c - +0 buckler
rNeg    . . .        b - +0 scale mail
rPois   .            (no helmet)
rElec   .            (no cloak)
rCorr   .            (no gloves)
SInv    +            (no boots)
Will    .....        (no amulet) Stlth
                     (no ring)
HPRegen 0.42/turn    (no ring)
MPRegen 0.07/turn

%: no passive effects
@: healing quickly
A: alive, fangs 3, see invisible, vampiric 1
a: Exsanguinate


You were on level 1 of the Dungeon.
You visited 1 branch of the dungeon, and saw 2 of its levels.

You collected 7 gold pieces.

Inventory:

Hand Weapons
 a - a +0 war axe (weapon)
Armour
 b - a +0 scale mail (worn)
 c - a +0 buckler (worn)
Scrolls
 e - 2 scrolls of teleportation {unknown}
Potions
 d - a potion of might
 f - a potion of curing {unknown}


   Skills:
 + Level 2.7 Fighting
 + Level 1.8 Axes
 + Level 2.4 Armour
 + Level 2.7 Shields


You couldn't memorise any spells.
You didn't know any spells.
Your spell library was empty.

Dungeon Overview and Level Annotations

Branches:
Dungeon (2/15)

Altars:

Annotations:
D:1 Terence


Innate Abilities, Weirdness & Mutations

Your natural rate of healing is accelerated.
You have razor-sharp teeth.
You have supernaturally acute eyesight. (SInv)
You are afflicted with vampirism.


Message History

There is a stone staircase leading down here.
You climb downwards.
Terence shouts!
You hear a shout! x2
Found a scroll labelled MIRPHE EXACI and a scroll labelled AMUOFE UCWIDESH.
Found a stone staircase leading up.
There is a stone staircase leading up here.
You barely miss Terence.
Terence hits you with a +0 heavy hand axe!
You hit Terence.
Terence is moderately wounded.
Terence closely misses you.
A gnoll comes into view. It is wielding a +0 spear.
You hit Terence.
Terence is heavily wounded.
Terence hits you with a +0 heavy hand axe!
* * * LOW HITPOINT WARNING * * *
You block Terence's attack.
You climb upwards.
There is a stone staircase leading down here.
You hit Terence but do no damage.
Terence is heavily wounded.
You block Terence's attack.
You hit Terence but do no damage.
Terence is heavily wounded.
You hit Terence.
Terence is heavily wounded.
Terence hits you but does no damage.
You hit Terence but do no damage.
Terence is heavily wounded.
Terence hits you with a +0 heavy hand axe.
* * * LOW HITPOINT WARNING * * *
You barely miss Terence. Your bite misses Terence.
Terence is heavily wounded.
You block Terence's attack.
You hit Terence. You bite Terence.
Terence is almost dead.
Terence screams, "I want your blood!"
Terence hits you with a +0 heavy hand axe.
You die...
Terence says, "That felt goooood."

##############
##########............#
............>....# #.#
..########.#####.# #.#
..# #.# #.# #.# #.# #.#
#.# #.# #.# ...
#.####.# #.. .#.
#@@....# #### #. .#
######.# # ## ## #.# #
#.# # #.# #.# ..# #.#


You could see Terence.

Vanquished Creatures
  A giant cockroach (D:1)
  A kobold (D:1)
  A rat (D:1)
3 creatures vanquished.

Notes
Turn   | Place    | Note
-------+----------+-------------------------------------------
     0 | D:1      | AstroCodex24 the Vampire Fighter began the quest for the
                  | Orb.
     0 | D:1      | Reached XP level 1. HP: 17/17 MP: 1/1
   121 | D:2      | Noticed Terence
   132 | D:1      | Slain by Terence

Illustrated notes

Levels and vault maps discovered:
D:1:      lemuel_arrival_cross, layout_loops_ring,
          chequers_ecumenical_altar_twisty
D:2:      kennysheep_the_goblin_king, layout_loops_ring,
          minmay_misc_feat_secret_circle, minmay_quadrilaterals, uniq_terence,
          uniq_sigmund

Action                     || total
---------------------------++-------
  Melee: War axe           ||    16
         Bite              ||     1
 Armour: Scale mail        ||    15
  Dodge: Dodged            ||     3
  Block: Buckler           ||     4

Table legend: (Time is in decaauts)
 A = Elapsed time spent in this place.
 B = Non-inter-level travel time spent in this place.
 C = Inter-level travel time spent in this place.
 D = Time resting spent in this place.
 E = Time spent auto-exploring this place.
 F = Levels seen in this place.
 G = Mean time per level.
                   A        B        C        D        E       F      G
               +--------+--------+--------+--------+--------+-----+--------+
         Total |    139 |    139 |      0 |      0 |      0 |   2 |   69.5 |
       Dungeon |    139 |    139 |      0 |      0 |      0 |   2 |   69.5 |
               +--------+--------+--------+--------+--------+-----+--------+

Top non-repeatable levels by time:
     D:1: 133 daAuts
     D:2: 6 daAuts
